[Event "*** Titled Tuesday Blitz"]
[Site "Chess.com"]
[Date "2021.03.02"]
[Round "4"]
[White "AlexTriapishko"]
[Black "PelinGorki"]
[Result "1/2-1/2"]
[WhiteElo "2795"]
[BlackElo "2543"]
[TimeControl "180+1"]
[EndTime "10:40:37 PST"]
[Termination "Game drawn - insufficient material"]

1. e4 d6 2. Nf3 Nf6 3. Nc3 c6 4. d4 Bg4 5. h3 Bh5 6. g4 Bg6 7. Qe2 e6 8. g5 Nfd7 9. h4 d5 10. h5 Bxe4 11. Nxe4 dxe4 12. Qxe4 Qa5+ 13. Bd2 Qd5 14.
Qe3 c5 15. c4 cxd4 16. cxd5 dxe3 17. Bxe3 exd5 18. O-O-O Nc6 19. Rxd5 Nb4 20. Rb5 O-O-O 21. Bxa7 Nxa2+ 22. Kb1 Nb4 23. Bh3 Nc6 24. Rc1 Kc7 25. Bd4 Rg8 26. Rf5 Bd6 27. Rxf7 Rgf8 28. g6 hxg6 29.
hxg6 Rxf7 30. gxf7 Rf8 31. Ng5 Rh8 32. Bxg7 Rh5 33.
Ne6+ Kb6 34. Bg4 Rb5 35. Be2 Rb4 36. Rc4 Rxc4 37. Bxc4 Nce5 38. Bxe5 Nxe5 39. f8=Q Bxf8 40. Nxf8 Nxc4 41. Kc2 Kc5 42. Ne6+ Kd5 43. Nf4+ Ke4 44. Nd3 Kf3 45. Kc3 Nd6 46. Kd4 Nc8 47. b4 Ne7 48. b5 Nc8 49. Kc5 Ke4 50. Ne1 Kf4 51. Nc2 Kf3 52.
Nb4 b6+ 53. Kc6 Kxf2 54. Kc7 Na7 55. Kxb6 Nxb5 1/2-1/2

[Event "*** Titled Tuesday Blitz"]
[Site "Chess.com"]
[Date "2021.03.02"]
[Round "4"]
[White "wannabe2700"]
[Black "dragos420"]
[Result "1/2-1/2"]
[WhiteElo "2721"]
[BlackElo "2530"]
[TimeControl "180+1"]
[EndTime "10:40:37 PST"]
[Termination "Game drawn by repetition"]

1. b3 e5 2. Bb2 Nc6 3. e3 Nf6 4. Bb5 Bd6 5. Na3 Be7 6. Nc4 e4 7. Bxc6 bxc6 8. Ne2 O-O 9. O-O d5 10. Ne5 Qe8 11. f4 exf3 12. gxf3 Bd6 13. f4 Ng4 14. Nxg4 Bxg4 15. Qe1 f6 16. Rf2 Qg6 17. Rg2 Qxc2 18. Bxf6 Rxf6 19. Rxg4 Re8 20. Nd4 Qe4 21. Qg3 g6 22. Nxc6 Qd3 23. Qf2 Bc5 24. Nd4 Bxd4 25.
exd4 Re2 26. Qf1 Qxd2 27. Rd1 Qe3+ 28. Kh1 Rf2 29. Qd3 Qxd3 30. Rxd3 Re6 31. a4 Ree2 32. h3 Rf1+ 33. Rg1 Rxf4 34. Rc1 Rff2 35. Kg1 Rg2+ 36. Kf1 Ref2+ 37. Ke1 Rb2 38. Kf1 Rh2 39.
Kg1 Rhc2 40. Rxc2 Rxc2 41. Re3 Kf7 42. Rd3 c6 43. Kf1 Ke6 44. Re3+ Kf5 45. Re7 a5 46. Rxh7 Ke4 47. Rg7 Kxd4 48. Rxg6 Ke3 49. h4 d4 50. h5 d3 51. Re6+ Kf3 52. Rf6+ Ke4 53. Rd6 Ke3 54. Re6+ Kd4 55. Rd6+ Ke4 56. h6 Rh2 57.
Ke1 Ke3 58. Re6+ Kd4 59. Rxc6 d2+ 60. Kd1 Kd3 61. Rd6+ Ke3 62. Re6+ Kd3 63. Rd6+ Ke3 64. Re6+ Kd3 65. Rd6+ 1/2-1/2

[Event "*** Titled Tuesday Blitz"]
[Site "Chess.com"]
[Date "2021.03.02"]
[Round "4"]
[White "Bodnar_Mykola"]
[Black "juancruzarias"]
[Result "1-0"]
[WhiteElo "2493"]
[BlackElo "2628"]
[TimeControl "180+1"]
[EndTime "10:40:37 PST"]
[Termination "Bodnar_Mykola won by resignation"]

1. d4 Nf6 2. c4 c5 3. d5 e5 4.
Nc3 d6 5. Nf3 Nbd7 6. e4 Be7 7.
Bd3 Nf8 8. O-O Ng6 9. h3 h5 10. Bg5 Nh7 11. Be3 Ng5 12. Nxg5 Bxg5 13. Qf3 Bf4 14.
Bxf4 Nxf4 15. Ne2 Nxe2+ 16. Bxe2 Qg5 17. Qe3 Qxe3 18. fxe3 Ke7 19. b4 cxb4 20. a3 bxa3 21. Rxa3 Bd7 22. Rb1 b6 23. Rba1 a5 24. Rb1 Rhb8 25.
Bxh5 b5 26. cxb5 Rxb5 27. Rc1 Rc5 28. Rb1 Rb5 29. Rc1 Rc8 30. Rxc8 Bxc8 31. Be2 Rc5 32. Kf2 Bd7 33. Ke1 a4 34. Kd2 Rc8 35. Rc3 Rb8 36.
Kc2 Kd8 37. h4 f6 38. Kc1 Rb4 39. Bd3 Rb8 40. Bc2 Ra8 41. Kb2 Rb8+ 42. Ka3 g6 43. Rc4 Ra8 44. Bxa4 Bxa4 45. Rxa4 Rc8 46. Kb2 Kc7 47. Ra7+ Kb6 48. Rf7 Kc5 49. Rxf6 Rh8 50.
g3 g5 51. hxg5 Rh2+ 52. Kc3 Rg2 53. Rf3 Rh2 54. g6 Rh5 55. Rf5 Rh6 56. Rg5 Rh8 57.
g7 Rg8 58. Rg6 Kb5 59. Kd3 Kc5 60. Ke2 Kc4 61. Kf3 Kd3 62. Kg4 Kxe4 63. Kg5 Kxd5 64. Kf6 Ke4 65. Kf7 Rb8 66. Rxd6 Kf3 67. g8=Q Rxg8 68. Kxg8 e4 69. Re6 Kxe3 70. g4 Kf4 71.
g5 Kf5 72. Re8 Kxg5 73. Rxe4 1-0

[Event "*** Titled Tuesday Blitz"]
[Site "Chess.com"]
[Date "2021.03.02"]
[Round "4"]
[White "PowerThinking2650"]
[Black "BJthechessgod"]
[Result "1-0"]
[WhiteElo "2458"]
[BlackElo "2242"]
[TimeControl "180+1"]
[EndTime "10:40:37 PST"]
[Termination "PowerThinking2650 won on time"]

1. e4 c5 2. Nf3 e6 3. d4 cxd4 4.
Nxd4 Nc6 5. Nb5 d6 6. c4 a6 7.
N5c3 Nf6 8. Be2 Be7 9. O-O O-O 10. Be3 Nd7 11. Nd2 Nc5 12. Nf3 Bf6 13. Nd4 Nxd4 14.
Bxd4 Bxd4 15. Qxd4 Qc7 16. Rad1 Rd8 17. e5 Bd7 18.
exd6 Qa5 19. Bf3 Rac8 20. Rfe1 Bc6 21. Re5 Bxf3 22. gxf3 Qb4 23. Rg5 g6 24. a3 Qxb2 25. Rb1 Qc2 26. Rxc5 Rxc5 27. Qxc5 Qxc3 28. Qc7 Qf6 29.
Rxb7 Qg5+ 30. Kf1 Qc1+ 31. Ke2 Qc2+ 32. Ke3 Qc3+ 33. Ke4 f5+ 34. Kf4 Qd4+ 35. Kg3 Qxd6+ 36. Qxd6 Rxd6 37. Rc7 Rd3 38. Kf4 Rxa3 39. Ke5 Rxf3 40.
Kf6 h5 41. c5 Rxf2 42. h4 Rc2 43. Kxg6 Kf8 44. Kxh5 a5 45. Kg6 a4 46. Kf6 Ke8 47. h5 a3 48. h6 a2 49. Ra7 Rh2 50. Kg7 f4 51. h7 f3 52. Rxa2 Rg2+ 53. Kf6 Rb2 54.
Rxb2 Kd7 55. h8=Q Kc6 56. Qc8+ Kd5 57. Qxe6+ Kxc5 58. Rc2+ Kd4 59. Rd2+ Kc3 60. Rd8 f2 61. Qc8+ Kb2 62. Rd7 f1=Q+ 63. Ke7 Qe2+ 64. Kd8 1-0

[Event "*** Titled Tuesday Blitz"]
[Site "Chess.com"]
[Date "2021.03.02"]
[Round "4"]
[White "Ladislav1969"]
[Black "JoliyRoger"]
[Result "0-1"]
[WhiteElo "2305"]
[BlackElo "2472"]
[TimeControl "180+1"]
[EndTime "10:40:38 PST"]
[Termination "JoliyRoger won on time"]

1. e4 c6 2. d4 d5 3. e5 Bf5 4. Nd2 e6 5. Nb3 Nd7 6. Nf3 Ne7 7. Nh4 Bg6 8. Be2 Nf5 9. Nxf5 Bxf5 10. O-O Be7 11.
f4 O-O 12. g4 Be4 13. f5 Bg5 14. Nd2 Be3+ 15. Rf2 Bxf2+ 16. Kxf2 Qh4+ 17. Kg1 exf5 18. Nxe4 fxe4 19. Be3 f5 20. gxf5 Rxf5 21. Bg4 Raf8 22. Qe2 h5 23. Bxf5 Rxf5 24. Rf1 Rxf1+ 25. Kxf1 Nf8 26. Qg2 Kf7 27. h3 Ne6 28. Ke2 g5 29. Kd2 b6 30. c3 Nf4 31. Qf1 Qxh3 32. Qa6 Qg2+ 33. Kd1 Qh1+ 34. Kd2 Qh2+ 35. Kd1 Qh1+ 36. Kd2 Qg2+ 37. Kd1 Nd3 38. Qb7+ Kg6 39. Qxc6+ Kf5 40.
Qd7+ Kg6 41. Qe6+ Kh7 42. Qf7+ Kh8 43. Qxh5+ Kg8 44. Qxg5+ Qxg5 45. Bxg5 Nxb2+ 46. Kc2 Nc4 47. Kb3 Kf7 48. a4 a6 49. Bd8 Ke6 50. Kc2 Kf5 51.
Kd1 Ke6 52. Ke2 Kd7 53. Bf6 Kc6 54. Be7 b5 55. axb5+ Kxb5 56. Bb4 a5 57. Bf8 Kc6 58. e6 a4 59. Bb4 Nd6 0-1

[Event "*** Titled Tuesday Blitz"]
[Site "Chess.com"]
[Date "2021.03.02"]
[Round "4"]
[White "Artem_Koval"]
[Black "Chimpinha"]
[Result "1-0"]
[WhiteElo "2229"]
[BlackElo "2404"]
[TimeControl "180+1"]
[EndTime "10:40:38 PST"]
[Termination "Artem_Koval won by resignation"]

1. d4 Nf6 2. Bf4 g6 3. Nc3 Bg7 4. Nf3 O-O 5. Qd2 d5 6. e3 Nbd7 7. Be2 Ne4 8. Nxe4 dxe4 9. Ne5 Nxe5 10. Bxe5 Bxe5 11. dxe5 Qxd2+ 12. Kxd2 Rd8+ 13. Kc3 Be6 14. Rad1 Kg7 15. Rxd8 Rxd8 16. Rd1 Rxd1 17. Bxd1 c5 18. f4 exf3 19. gxf3 g5 20. f4 Kg6 21. Kd3 Kf5 22.
Bf3 gxf4 23. Be4+ Kxe5 24. Bxb7 fxe3 25. Kxe3 Bd5 26. Ba6 f5 27. a3 f4+ 28. Kf2 Kd4 29.
Bd3 h6 30. Be2 e5 31. c3+ Ke4 32. Bf3+ Kd3 33. Bxd5 Kc2 34. b4 cxb4 35. cxb4 Kc3 36.
b5 Kd4 37. Bf3 e4 38. Bd1 Kc5 39. Ke2 Kxb5 40. Bc2 a5 41. Bxe4 Ka4 42. Kf3 Kxa3 43. Kxf4 Kb4 44. Bd5 Kc5 45. Bg8 Kd6 46. Kf5 Ke7 47. Kg6 a4 48. Ba2 a3 49. Kxh6 Kf6 50.
h4 Kf5 51. h5 Kf6 52. Kh7 Kg5 53.
h6 Kf6 54. Bb3 Ke7 55. Kg8 Kf6 56. Ba2 Kg6 57. h7 1-0

[Event "*** Titled Tuesday Blitz"]
[Site "Chess.com"]
[Date "2021.03.02"]
[Round "4"]
[White "GianmarcoVaR"]
[Black "Smirnov_Pavel"]
[Result "0-1"]
[WhiteElo "2626"]
[BlackElo "2856"]
[TimeControl "180+1"]
[EndTime "10:40:39 PST"]
[Termination "Smirnov_Pavel won on time"]

1. d4 Nf6 2. Nf3 e6 3. Bf4 c5 4. e3 cxd4 5. exd4 b6 6. Nbd2 Be7 7. h3 O-O 8. c3 Ba6 9. Bxa6 Nxa6 10. a4 Nc7 11. a5 b5 12. a6 d6 13. O-O Nfd5 14.
Bg3 Rb8 15. Ra5 Qd7 16. Qe2 f5 17. Bh4 Bxh4 18. Nxh4 Rb6 19. Rfa1 Qc6 20. Nhf3 h6 21. Ne1 Rbb8 22. Nd3 Qd7 23. Nf1 Nb6 24. Nd2 Rfe8 25. Re1 Ncd5 26. Qf3 Nc4 27. Nxc4 bxc4 28. Nf4 Nxf4 29. Qxf4 Rxb2 30. d5 e5 31. Qxc4 Rc8 32. Qd3 Qc7 33. Qxf5 Rf8 34. Qe6+ Kh8 35. Raa1 Rfxf2 36. Qg4 Rxg2+ 37. Qxg2 Rxg2+ 38. Kxg2 Qxc3 39. Rec1 Qd2+ 40.
Kg3 Qxd5 41. Rc7 Qd3+ 42. Kh2 Qe2+ 43. Kh1 Qe4+ 44. Kh2 Qd4 45. Rg1 e4 46. Rc8+ Kh7 47.
Rg4 Qe5+ 48. Kg2 e3 49. Rc7 e2 50. Rgxg7+ Qxg7+ 51.
Rxg7+ Kxg7 52. Kf2 Kf6 53. Kxe2 Ke5 54. Ke3 d5 55. h4 h5 56. Kd3 d4 57. Ke2 Ke4 58. Kd2 Kd5 59. Kd3 Kc5 60. Kd2 Kb5 61. Kd3 Kxa6 62.
Kxd4 Kb5 0-1

[Event "*** Titled Tuesday Blitz"]
[Site "Chess.com"]
[Date "2021.03.02"]
[Round "4"]
[White "AlexPapasimakopoulos"]
[Black "Pogosian_Manvel"]
[Result "1/2-1/2"]
[WhiteElo "2599"]
[BlackElo "2429"]
[TimeControl "180+1"]
[EndTime "10:40:40 PST"]
[Termination "Game drawn by stalemate"]

1. d4 Nf6 2. c4 e6 3. Nc3 d5 4. cxd5 exd5 5. Bg5 Be7 6. e3 O-O 7. Bd3 c6 8. Qc2 Nbd7 9. Nf3 Re8 10. O-O Nf8 11. h3 Ng6 12. Bxf6 Bxf6 13. b4 a6 14. a4 Qd6 15. b5 axb5 16. axb5 Bd7 17. bxc6 bxc6 18. Na4 Nf8 19. Rac1 g6 20. Nb6 Ra3 21.
Rfd1 Re6 22. e4 Rxd3 23. e5 Rxd1+ 24. Qxd1 Qb8 25. Nxd7 Nxd7 26. exf6 Rxf6 27. Qd2 Re6 28. Qh6 Qf8 29. Qxf8+ Nxf8 30. Ne5 f6 31. Nxc6 Nd7 32. Nb4 Re4 33. Rc8+ Kf7 34. Rc7 Ke6 35. Rc6+ Kf7 36. Rd6 Ke7 37. Rxd5 Ke6 38. f3 Re1+ 39. Kf2 Rb1 40. Rb5 Rb2+ 41. Kg3 h5 42. h4 g5 43. hxg5 fxg5 44. d5+ Kf5 45. d6+ Ke6 46. Rxg5 Rxb4 47. Rxh5 Kxd6 48. Rh4 Rxh4 49. Kxh4 Ke5 50. Kg5 Nf6 51.
f4+ Ke6 52. Kg6 Ne4 53. g4 Ke7 54. Kg7 Ke8 55. f5 Ng5 56. f6 Nf7 57. Kg6 Kf8 58.
g5 Nxg5 59. Kxg5 Kf7 60. Kf5 Kf8 61. Kf4 Kf7 62. Ke5 Kf8 63. Ke6 Ke8 64. Kf5 Kf7 65. Kg5 Kf8 66. Kg6 Kg8 67. f7+ Kf8 68. Kf6 1/2-1/2

[Event "*** Titled Tuesday Blitz"]
[Site "Chess.com"]
[Date "2021.03.02"]
[Round "4"]
[White "carloseduar100"]
[Black "rachidhuilda"]
[Result "1/2-1/2"]
[WhiteElo "2101"]
[BlackElo "2289"]
[TimeControl "180+1"]
[EndTime "10:40:41 PST"]
[Termination "Game drawn by repetition"]

1. d4 Nf6 2. Bg5 Ne4 3. h4 Nxg5 4. hxg5 g6 5. e4 c5 6. Nf3 Bg7 7. c3 Qb6 8. Qb3 Qxb3 9. axb3 cxd4 10. cxd4 Nc6 11.
d5 Nb4 12. Kd2 d6 13. Nc3 Bd7 14. Be2 h6 15. Rh4 hxg5 16. Rxh8+ Bxh8 17. Nxg5 Bf6 18. Nf3 a5 19. Rh1 Na6 20. e5 dxe5 21. Ne4 Bg7 22. Rh7 Kf8 23. Nfg5 Kg8 24. Rh2 Rd8 25. Ke1 Bf5 26.
Bf3 Nb4 27. g4 Bxe4 28. Bxe4 Nxd5 29. f3 Nb4 30. Bxb7 Rd4 31. Be4 Rd8 32. Rd2 Rxd2 33. Kxd2 Bh6 34. f4 exf4 35. Nf3 e5 36. g5 Bxg5 37. Nxe5 Bf6 38. Nd3 Kg7 39. Nxf4 Bg5 40. Ke3 Bxf4+ 41. Kxf4 f5 42. Bb1 Kf6 43. Kf3 g5 44.
Kg3 f4+ 45. Kg4 Nd5 46. Be4 Ne3+ 47. Kf3 Nd1 48. Bc2 Nxb2 49. Kg4 f3 50. Kxf3 a4 51. bxa4 Nc4 52. Kg4 Na5 53. Kf3 Nc6 54. Kg4 Nd4 55.
Bd3 Nc6 56. Bb5 Na5 57. Kg3 Kf5 58. Bd7+ Kf6 59. Bb5 Ke5 60. Kg4 Kf6 61. Kg3 1/2-1/2

[Event "*** Titled Tuesday Blitz"]
[Site "Chess.com"]
[Date "2021.03.02"]
[Round "4"]
[White "GameOverBro"]
[Black "Kobalia"]
[Result "0-1"]
[WhiteElo "2500"]
[BlackElo "2689"]
[TimeControl "180+1"]
[EndTime "10:40:42 PST"]
[Termination "Kobalia won on time"]

1. e4 c6 2. Nc3 d5 3. Nf3 g6 4. d4 Bg4 5. Be2 e6 6. O-O Nd7 7. h3 Bxf3 8. Bxf3 Bg7 9. Re1 Ne7 10. a4 O-O 11. b3 Re8 12. Ba3 a5 13. Qd2 Nf6 14.
Rad1 Qc7 15. g3 Rad8 16. Qe2 dxe4 17. Nxe4 Nxe4 18. Qxe4 Nf5 19. c3 Ne7 20. h4 h5 21.
c4 Bf6 22. Kg2 Kg7 23. Rd3 Nf5 24. Red1 Qb6 25. Bc5 Qc7 26. Ba3 Re7 27. Bxe7 Nxe7 28. R1d2 Nf5 29. d5 cxd5 30. cxd5 Nd6 31. Qe2 e5 32.
Rc2 Qe7 33. Be4 Kg8 34. Rdc3 Rd7 35. Qd3 Bg7 36. Kg1 f5 37. Bg2 e4 38. Rc8+ Kh7 39. Qe2 Nxc8 40. Rxc8 Rxd5 41. Bf1 Qd6 42. Qc4 Rd1 43.
Kg2 Rd2 44. Be2 Kh6 45. Rc7 Rxe2 46. Rxg7 Rxf2+ 47. Kxf2 Kxg7 48. Qc3+ Kh7 49. Qxa5 Qd4+ 50. Kg2 Qd7 51. Qe5 Qc6 52. Kh2 Kg8 53. Qe7 Qc2+ 54. Kh3 Qxb3 55. Qd8+ Kg7 56. Qe7+ Qf7 57. Qe5+ Kh7 58. a5 Qd7 59. Qc5 f4+ 60. Kh2 f3 0-1

[Event "*** Titled Tuesday Blitz"]
[Site "Chess.com"]
[Date "2021.03.02"]
[Round "4"]
[White "AntonovaNadezhda"]
[Black "schondeln"]
[Result "0-1"]
[WhiteElo "2135"]
[BlackElo "2399"]
[TimeControl "180+1"]
[EndTime "10:40:43 PST"]
[Termination "schondeln won by checkmate"]

1. d4 d5 2. Nf3 Nf6 3. e3 c6 4.
c4 Bf5 5. Nc3 e6 6. Nh4 Be4 7.
f3 Bg6 8. Nxg6 hxg6 9. g3 Nbd7 10. f4 Be7 11. Bg2 dxc4 12. O-O O-O 13. Qe2 Nb6 14.
Bd2 Rb8 15. Be1 c5 16. dxc5 Bxc5 17. Rd1 Qc7 18. Nb5 Qe7 19. Bf2 a6 20. Nd4 Rfd8 21.
e4 Rd7 22. Rd2 Rbd8 23. Rfd1 e5 24. fxe5 Qxe5 25. Nf3 Bxf2+ 26. Qxf2 Rxd2 27. Rxd2 Rxd2 28. Nxe5 Rxf2 29. Kxf2 Nfd7 30. Nf3 Na4 31. b3 cxb3 32. axb3 Nac5 33. Nd2 Ne5 34. Ke3 f6 35. h3 Kf7 36.
Kd4 b6 37. Bf1 a5 38. Bb5 Ke6 39. Be8 g5 40. Bb5 Kd6 41. Nc4+ Nxc4 42. Bxc4 Nd7 43. Bd5 Ne5 44. Bg8 Nf3+ 45. Ke3 Ne5 46. h4 gxh4 47. gxh4 Kc5 48. h5 Kb4 49. Kd4 b5 50. Be6 a4 51.
bxa4 bxa4 52. Kd5 a3 53. Kd6 Nc4+ 54. Ke7 a2 55. Kf7 a1=Q 56. Kxg7 Qe5 57. Bf5 Nd6 58.
h6 Nxf5+ 59. exf5 Qxf5 60. h7 Qxh7+ 61. Kxh7 f5 62. Kg6 f4 63. Kf5 f3 64. Ke6 f2 65.
Kd5 f1=Q 66. Kc6 Qf5 67. Kc7 Kc5 68. Kb7 Qd7+ 69. Ka6 Qc6+ 70. Ka7 Qb5 71. Ka8 Kc6 72. Ka7 Qb7# 0-1

[Event "*** Titled Tuesday Blitz"]
[Site "Chess.com"]
[Date "2021.03.02"]
[Round "4"]
[White "DamianoLew95"]
[Black "Niktlt"]
[Result "1-0"]
[WhiteElo "2591"]
[BlackElo "2401"]
[TimeControl "180+1"]
[EndTime "10:40:46 PST"]
[Termination "DamianoLew95 won by resignation"]

1. e4 e6 2. d4 d5 3. exd5 exd5 4. Nf3 Nf6 5. c4 Nc6 6. Nc3 dxc4 7. Bxc4 Be7 8. O-O O-O 9. h3 Na5 10. Bd3 Be6 11.
Re1 h6 12. Bf4 Nc4 13. Qc2 c6 14. Rxe6 fxe6 15. Bxc4 Nd5 16. Bg3 Bd6 17. Bxd6 Qxd6 18. Re1 b6 19. Qe4 Rae8 20. Bd3 Nf6 21. Qg6 Qf4 22. Ne4 Nd5 23. Ng3 Nf6 24. Nh5 Nxh5 25. Qxh5 Qf6 26. Qg4 Re7 27. Re2 Rd8 28. Qe4 g5 29. h4 Rd5 30. hxg5 hxg5 31. Ne5 c5 32. Ng4 Qg7 33. dxc5 Rxc5 34. Qa8+ Kf7 35. Re1 Re8 36. Qxa7+ Re7 37. Qxb6 Qd4 38. Qb3 Qd5 39. Qxd5 Rxd5 40.
Bc4 Rc5 41. a4 Rxc4 42. Ne5+ Kf6 43. Nxc4 Rb7 44. a5 Rb4 45. Ra1 Rxc4 46. a6 Rc8 47. a7 Ra8 48. b4 Ke7 49. b5 Kd7 50. b6 Kc6 51. Rb1 Kb7 52. Kh2 Rf8 53. Kg3 e5 54. f3 Rf4 55. Rc1 Rf8 56. Rb1 Rf4 57. Rb5 e4 58. Rxg5 exf3 59. Rg7+ Ka8 60. Rg8+ Kb7 61. a8=Q+ Kxb6 62. Qb8+ Kc5 63. Qxf4 f2 64. Rg5+ 1-0

[Event "*** Titled Tuesday Blitz"]
[Site "Chess.com"]
[Date "2021.03.02"]
[Round "4"]
[White "Albertu"]
[Black "saikrishnaReturns"]
[Result "0-1"]
[WhiteElo "2345"]
[BlackElo "2644"]
[TimeControl "180+1"]
[EndTime "10:40:46 PST"]
[Termination "saikrishnaReturns won by resignation"]

1. e4 e5 2. Nf3 Nc6 3. Bb5 a6 4. Ba4 d6 5. O-O Nf6 6. d3 g6 7. c3 Bg7 8. Re1 O-O 9. Nbd2 b5 10. Bb3 Na5 11. Bc2 c5 12. Nf1 Nc6 13. Bg5 h6 14. Bh4 g5 15. Bg3 Re8 16. Ne3 Bf8 17. h4 g4 18. Nh2 h5 19. f3 gxf3 20. Nxf3 Ng4 21. Ng5 Be7 22. Nxg4 Bxg4 23. Qd2 Bxg5 24. hxg5 Ne7 25. g6 Nxg6 26. Qh6 h4 27. Bh2 Qf6 28.
Rf1 Qg7 29. Qg5 Be6 30. Rf3 Kh7 31. Raf1 Ra7 32. d4 cxd4 33. cxd4 Bc4 34. R1f2 exd4 35. b3 d3 36. Bb1 Be6 37. Bxd3 Rc8 38. e5 dxe5 39.
Bxe5 Qh6 40. Qf6 Rc1+ 41. Rf1 Rxf1+ 42. Bxf1 h3 43. gxh3 Rd7 44. Rg3 Nxe5 45. Qxe5 Rd1 46. Kf2 Qd2+ 47. Be2 Qe1+ 48. Ke3 Qd2+ 49. Kf2 Qd4+ 50.
Qxd4 Rxd4 51. Ke3 Rh4 52. Kf3 Rxh3 53. Rxh3+ Bxh3 54. Kf4 Kg6 55. Ke4 Kf6 56. Kd5 Bg2+ 57. Kc5 Ke5 58. Kb6 Kd4 59. Kxa6 b4 60. Kb5 Kc3 61.
Kc5 f5 62. a4 bxa3 63. Bc4 a2 0-1

[Event "*** Titled Tuesday Blitz"]
[Site "Chess.com"]
[Date "2021.03.02"]
[Round "4"]
[White "Alexandercs432"]
[Black "beautroll"]
[Result "0-1"]
[WhiteElo "2211"]
[BlackElo "2467"]
[TimeControl "180+1"]
[EndTime "10:40:46 PST"]
[Termination "beautroll won by resignation"]

1. e4 c5 2. Nf3 d6 3. c3 Nf6 4. Be2 Nbd7 5. d3 e6 6. O-O Be7 7. Re1 O-O 8. Bf1 b5 9. d4 a6 10. Nbd2 Bb7 11. Bd3 cxd4 12. cxd4 e5 13. d5 Nc5 14. Bc2 a5 15. Nf1 Re8 16. Ng3 Bf8 17.
Bg5 h6 18. Be3 Rc8 19. h3 g6 20. Qd2 Kh7 21. Rac1 Bg7 22. Rf1 b4 23. Nh2 Ba6 24. Rfe1 Qb6 25. Ng4 Ng8 26. h4 h5 27. Nh2 Qb5 28.
Nf3 f6 29. Red1 Nh6 30. Ne1 Ng4 31. f3 Nxe3 32. Qxe3 Bh6 33. Qf2 Bxc1 34. Rxc1 b3 35. axb3 Nxb3 36. Rd1 Nd4 37. Rxd4 exd4 38. Qxd4 Kg7 39.
Qa7+ Kh6 40. e5 Qc5+ 41. Qxc5 Rxc5 42. e6 Rxd5 43. Ne4 f5 44. Nf6 Re5 45. Nxe8 Rxe1+ 46. Kh2 Rxe6 47. Nc7 Re2 48. Bd1 Rd2 49. Nxa6 Rxd1 50.
Nc7 Rd2 51. Nb5 d5 52. Nc3 d4 53. Nb5 d3 54. b3 Rb2 55. Nd4 d2 0-1

[Event "*** Titled Tuesday Blitz"]
[Site "Chess.com"]
[Date "2021.03.02"]
[Round "4"]
[White "elohunter1999"]
[Black "DrVelja"]
[Result "1/2-1/2"]
[WhiteElo "2634"]
[BlackElo "2841"]
[TimeControl "180+1"]
[EndTime "10:40:47 PST"]
[Termination "Game drawn - insufficient material"]

1. Nf3 Nf6 2. c4 g6 3. Nc3 Bg7 4. e4 e5 5. Nxe5 O-O 6. d3 Re8 7. Nf3 d5 8. cxd5 Nxd5 9. Nxd5 Qxd5 10. Be2 Qd6 11. h3 c5 12. O-O Nc6 13. Qa4 b6 14. Rb1 Bd7 15. Be3 Nb4 16. Qd1 Nxa2 17. d4 cxd4 18. Nxd4 Nb4 19. Nf5 Qxd1 20. Rfxd1 Ba4 21. Nxg7 Bxd1 22. Nxe8 Bxe2 23. Nf6+ Kg7 24. Bd4 Rd8 25.
Be5 Nc6 26. Bc3 Rd1+ 27. Rxd1 Bxd1 28. f3 b5 29. b4 Kf8 30. Nxh7+ Ke7 31. Kf2 a5 32.
bxa5 b4 33. Bf6+ Kd6 34. a6 Bb3 35. Bd4 Kc7 36. Bc5 Bc4 37. a7 Kb7 38. g4 b3 39.
Ba3 Nxa7 40. Nf6 Nb5 41. Bb2 g5 42. f4 Nc7 43. fxg5 Ne6 44. h4 Nf4 45. Bd4 Kc6 46. h5 Nh3+ 47. Ke3 Nxg5 48. h6 Be6 49. Kf4 Nh3+ 50.
Kg3 Ng5 51. h7 Nxh7 52. Nxh7 Kb5 53. Nf6 Kc4 54. Be5 Kd3 55. Kf4 Kc2 56. g5 Bc4 57.
Bd4 b2 58. Bxb2 Kxb2 59. Ke5 Kc3 60. Kd6 Kd4 61. e5 Ba2 62. Ng4 Be6 63. Nh6 Ba2 64. Ke7 Kxe5 65. Nxf7+ Kf5 66. Nd6+ Kxg5 1/2-1/2

[Event "*** Titled Tuesday Blitz"]
[Site "Chess.com"]
[Date "2021.03.02"]
[Round "4"]
[White "Legendinunknown"]
[Black "BahadirOzen"]
[Result "1/2-1/2"]
[WhiteElo "2613"]
[BlackElo "2789"]
[TimeControl "180+1"]
[EndTime "10:40:51 PST"]
[Termination "Game drawn by agreement"]

1. d4 d6 2. c4 g6 3. Nc3 Bg7 4. e4 c6 5. Nf3 Bg4 6. Be2 Qb6 7. Na4 Qa5+ 8. Bd2 Qc7 9. Be3 Nd7 10. O-O Ngf6 11. Nc3 O-O 12. h3 Bxf3 13. Bxf3 a6 14. b4 e5 15. dxe5 Nxe5 16. Be2 Rfe8 17. Qd2 b5 18. c5 dxc5 19. Bxc5 Rad8 20. Qc2 Ned7 21. Be3 Qd6 22. a3 Qe7 23. Rad1 c5 24. bxc5 Nxc5 25. Rxd8 Rxd8 26. Nd5 Nxd5 27. Bxc5 Rc8 28. Bxe7 Rxc2 29. Bd1 Rc7 30. exd5 Rxe7 31. Bf3 Be5 32. Rc1 Bd6 33.
Ra1 f5 34. g3 Kf7 35. a4 b4 36.
a5 b3 37. Rb1 Rb7 38. Be2 b2 39. Bxa6 Ra7 40. Bd3 Rxa5 41. Rxb2 Ra3 42. Rb7+ Kf6 43.
Be2 Ra2 44. Bf3 Bc5 45. Rc7 Bxf2+ 46. Kf1 Bxg3 47. Rc6+ Ke5 48. Be2 Kxd5 49. Bc4+ Kxc6 50. Bxa2 f4 51. Bg8 h6 52. Bh7 g5 53. Be4+ Kc5 54. Bf3 Kd4 55. Kg2 Ke3 56. Bg4 Be1 57. Bf3 Bc3 58. Bg4 Ke4 59. Bf3+ Kf5 60. Bh5 Bd4 61. Kf3 Bc5 62. Kg2 Bb6 63. Kf3 Ke5 64. Kg2 Ke4 65. Bf3+ Ke3 66. Bh5 Bc7 67. Bf3 Bd8 68. Bh5 Bf6 69.
Bf3 Kd4 70. Bg4 Ke5 71. Bh5 Kf5 72. Kf3 Bh8 73. Kg2 1/2-1/2

[Event "*** Titled Tuesday Blitz"]
[Site "Chess.com"]
[Date "2021.03.02"]
[Round "4"]
[White "Blitzking642"]
[Black "Sanyura"]
[Result "1/2-1/2"]
[WhiteElo "2358"]
[BlackElo "2593"]
[TimeControl "180+1"]
[EndTime "10:40:51 PST"]
[Termination "Game drawn by stalemate"]

1. e4 c6 2. c4 d5 3. cxd5 cxd5 4. exd5 Nf6 5. Qa4+ Nbd7 6. Nc3 g6 7. Bc4 Bg7 8. d3 O-O 9. Nf3 a6 10. Qa3 Rb8 11.
Bf4 Ra8 12. O-O b6 13. Rfe1 Bb7 14. Qxe7 b5 15. Qxd8 Rfxd8 16. Bb3 Nc5 17. Bc2 Nxd5 18. Nxd5 Bxd5 19. Ne5 Rac8 20. Bg3 Ne6 21. Bb3 Bxb3 22. axb3 h5 23. h3 Rd5 24. Rxa6 h4 25. Bh2 Nc5 26. Rc1 Rxe5 27. Bxe5 Bxe5 28. Ra5 Bxb2 29. Rc2 Be5 30. b4 Bf4 31. bxc5 b4 32. Rb5 Ra8 33. g3 hxg3 34. fxg3 Be3+ 35. Kg2 Rc8 36. c6 Kg7 37. c7 Ba7 38. Rb7 Bd4 39. Rxb4 Be5 40. Rb7 Kf6 41.
Rc6+ Ke7 42. d4 Kd7 43. Rc4 Bd6 44. Kf3 Ke6 45. Kg4 Kd5 46. Rc2 f6 47. h4 Kxd4 48.
Rb6 Be5 49. Rb4+ Kd3 50. Rc6 Rxc7 51. Rxc7 Bxc7 52. Rb7 Be5 53. Rg7 f5+ 54. Kg5 Bxg7 55. Kxg6 Ke4 56. Kxg7 Kf3 57. h5 Kxg3 58. h6 f4 59. h7 f3 60. h8=Q f2 61. Qb8+ Kg2 62.
Qb7+ Kg1 63. Qb6 Kg2 64. Qc6+ Kg1 65. Qc5 Kh1 66. Qxf2 1/2-1/2

[Event "*** Titled Tuesday Blitz"]
[Site "Chess.com"]
[Date "2021.03.02"]
[Round "4"]
[White "MatyChess1"]
[Black "Loy_Konstantin"]
[Result "1-0"]
[WhiteElo "2583"]
[BlackElo "2347"]
[TimeControl "180+1"]
[EndTime "10:40:52 PST"]
[Termination "MatyChess1 won by resignation"]

1. e4 c5 2. Nf3 d6 3. d4 cxd4 4.
Nxd4 Nf6 5. Nc3 g6 6. g3 Bg7 7.
Bg2 Nc6 8. Nde2 Bd7 9. O-O Qc8 10. Nf4 O-O 11. Ncd5 Nxd5 12. exd5 Ne5 13. Re1 Re8 14. c3 b5 15. a3 Rb8 16. Be3 a5 17. Bd4 b4 18.
cxb4 axb4 19. a4 b3 20. a5 Qc2 21. a6 Ra8 22. a7 Qxd1 23. Rexd1 Nc4 24. Bxg7 Kxg7 25.
Rd3 Rec8 26. Rxb3 Rc7 27. Rc3 Rcxa7 28. Rxa7 Rxa7 29. Rxc4 Ra1+ 30. Bf1 Bb5 31. b3 Bxc4 32. bxc4 Kf6 33. Kg2 Ke5 34. h4 Kd4 35. Nh3 h6 36. Ng1 Rxf1 37. Kxf1 Kxc4 38. Ke2 Kxd5 39. Kd3 e5 40.
Ne2 Ke6 41. f3 d5 42. Nc3 f5 43. Nb5 Kd7 44. Nc3 Ke6 45. Na4 Kd6 46. Ke3 Ke6 47. Nc5+ Kd6 48. Nd3 d4+ 49. Ke2 Kd5 50. Kd2 g5 51. h5 e4 52. Ne1 Kc4 53. g4 exf3 54. Nxf3 fxg4 55. Ne5+ Kd5 56. Nxg4 Ke4 57. Nxh6 Ke5 58.
Kd3 Kf6 59. Ng4+ Kg7 60. Kxd4 Kf7 61. Ke4 Kg7 62. Kf5 Kf7 63. Kxg5 Kg7 64. Ne5 Kh8 65. Kg6 Kg8 66. Nf7 Kf8 67. h6 Kg8 68. h7+ 1-0

[Event "*** Titled Tuesday Blitz"]
[Site "Chess.com"]
[Date "2021.03.02"]
[Round "4"]
[White "gixfantastix"]
[Black "CrazyMartian"]
[Result "0-1"]
[WhiteElo "2033"]
[BlackElo "2281"]
[TimeControl "180+1"]
[EndTime "10:40:53 PST"]
[Termination "CrazyMartian won on time"]

1. e4 c5 2. Nf3 d6 3. d4 cxd4 4. Nxd4 Nf6 5. Nc3 a6 6. f4 g6 7.
Bd3 Bg7 8. O-O Qb6 9. Be3 Ng4 10. Nd5 Qd8 11. Nf5 gxf5 12. Bb6 Qd7 13. Nc7+ Kf8 14. Nxa8 Qc6 15. exf5 Nf6 16. Qf3 Qxf3 17. Rxf3 Nbd7 18.
Bf2 b5 19. Nb6 Nxb6 20. Bxb6 Bb7 21. Rg3 Bh6 22. Be3 Nd5 23. Bd2 Bxf4 24. Bxf4 Nxf4 25. a4 b4 26. a5 f6 27. Ra4 Nd5 28. Be4 Kf7 29.
Bxd5+ Bxd5 30. Rxb4 Rc8 31. c3 Bc6 32. Rb6 Bb5 33. Re3 Rc7 34. Rb8 Rc5 35. g4 h5 36.
h3 Rd5 37. Kf2 Rd1 38. Rb7 Rf1+ 39. Kg3 hxg4 40. Rbxe7+ Kf8 41. hxg4 Rg1+ 42. Kf2 Rf1+ 43. Kg2 Rb1 44. R7e4 Rc1 45. Rd4 Rb1 46. Rxd6 Rxb2+ 47. Kg3 Rb1 48. Rxf6+ Kg7 49. Rg6+ Kf7 50. Ree6 Rg1+ 51. Kh4 Rf1 52. Kg5 Rg1 53. Rgf6+ Kg7 54. Re7+ Kg8 55. Rff7 Rd1 56. Rg7+ Kf8 57. Rgf7+ Kg8 58. f6 Rd6 59. Kg6 Rd5 60. Re8+ Bxe8 0-1